 Dungeon Crawl Stone Soup version 0.30-a0-737-gf23d94013f (webtiles) character file.

Game seed: 13647809511902690273

67 Atelerd the Digger (level 4, -7/27 HPs)
             Began as an Octopode Earth Elementalist on Feb 2, 2023.
             Killed by nerve-wracking pain
             ... invoked by an orc priest
              (14 damage)
             ... on level 4 of the Dungeon.
             The game lasted 00:02:12 (1901 turns).

Atelerd the Digger (Octopode Earth Elementalist)    Turns: 1901, Time: 00:02:13

Health: -7/27      AC:  5    Str:  7    XL:     4   Next: 16%
Magic:  1/7        EV: 13    Int: 19    God:
Gold:   142        SH:  0    Dex: 12    Spells: 5/8 levels left

rFire   . . .      SeeInvis .    g - +0 dagger
rCold   . . .      Faith    .    (no shield)
rNeg    . . .      Spirit   .    (helmet restricted)
rPois   .          Reflect  .    (no amulet)
rElec   .          Harm     .    e - ring of wizardry
rCorr   .          Rampage  .    m - ring of wizardry
Will    .....                    r - +4 ring of protection
Stlth   +++                      (no ring)
HPRegen 0.24/turn                (no ring)
MPRegen 0.10/turn                (no ring)
                                 (no ring)
                                 (no ring)

@: hasted, very quick
A: almost no armour, amphibious, 8 rings, camouflage 1, gelatinous body 1,
(nimble swimmer 1), tentacles
a: no special abilities


You were on level 4 of the Dungeon.
You visited 1 branch of the dungeon, and saw 4 of its levels.

You collected 142 gold pieces.

Inventory:

Hand Weapons
 g - a +0 dagger (weapon)
Jewellery
 e - a ring of wizardry (left tentacle)
 m - a ring of wizardry (right tentacle)
 r - a +4 ring of protection (on tentacle)
Scrolls
 b - 4 scrolls of identify {unknown}
 c - a scroll of noise {unknown}
 h - 2 scrolls of amnesia {unknown}
 i - 2 scrolls of fear {unknown}
 j - a scroll of enchant weapon {unknown}
 k - a scroll of immolation {unknown}
 n - a scroll of torment {unknown}
 o - a scroll of magic mapping {unknown}
 p - a scroll of acquirement {unknown}
 q - a scroll of poison {unknown}
Potions
 a - a potion of magic
 d - a potion of haste
 f - 2 potions of lignification {unknown}
 l - 3 potions of curing {unknown}


   Skills:
 - Level 0.3 Fighting
 * Level 2.3 Dodging
 - Level 2.6 Stealth
 + Level 2.5 Spellcasting
 + Level 0.4 Translocations
 * Level 1.5 Transmutations
 * Level 3.9 Earth Magic


You had 5 spell levels left.
You knew the following spells:

 Your Spells              Type           Power      Damage    Failure   Level
a - Sandblast             Erth           34%        2d9       1%          1
b - Blink                 Tloc           8%         N/A       5%          2

Your spell library contained the following spells:

 Spells                   Type           Power      Damage    Failure   Level
 Passwall                 Tmut/Erth      10%        N/A       2%          2
 Sting                    Tmut/Pois      20%        1d4       3%          1
 Lesser Beckoning         Tloc           8%         N/A       5%          2
 Momentum Strike          Conj/Tloc      6%         3d8       6%          2
 Stone Arrow              Conj/Erth      18%        3d8       6%          3
 Poisonous Vapours        Pois/Air       4%         N/A       7%          2
 Petrify                  Tmut/Erth      12%        N/A       13%         4
 Olgreb's Toxic Radiance  Pois           2%         N/A       36%         4


Dungeon Overview and Level Annotations

Branches:
Dungeon (4/15)
 Temple: D:4-7

Altars:
Cheibriados

Annotations:
D:3 exclusion: downstairs
D:4 1 transporter, Robin; toympanos's ghost, amateur HuBe


Innate Abilities, Weirdness & Mutations

You cannot wear most types of armour.
You are amphibious.
You can wear up to eight rings at the same time.
Your skin changes colour to match your surroundings (Stealth+).
Your rubbery body absorbs attacks. (AC +1, EV +1)
((You are camouflaged when in or above water. (Stealth+)))
You have tentacles for arms and can constrict up to eight enemies at once.


Message History

The orc priest miscasts a cantrip.
The orc attacks as you move away! The orc closely misses you.
There are monsters nearby!
The blast of sand hits the orc but does no damage.
The orc hits you with a +0 dagger.
The blast of sand hits the orc!
You kill the orc!
The orc misses you.
The blast of sand hits the orc but does no damage.
The orc is almost dead.
The orc hits you with a +0 club.
The blast of sand hits the orc but does no damage.
The orc is almost dead.
The orc barely misses you.
The orc priest hits you with a +0 flail.
The blast of sand hits the orc!
You kill the orc!
The orc priest mumbles some strange prayers to Beogh against you.
Beogh smites you!
Ouch! That really hurt!
* * * LOW HITPOINT WARNING * * *
Casting: Sandblast (safe; 1% risk of failure)
Confirm with . or Enter, or press ? or * to list all spells.
You don't have enough magic to cast this spell.
Unknown command.
Unknown command.
You closely miss the orc priest. You grab the orc priest.
You squeeze the orc priest.
The orc priest is lightly wounded.
You constrict the orc priest, but do no damage.
The orc priest misses you.
Unknown command.
It was a potion of haste.
You feel yourself speed up.
You constrict the orc priest.
The orc priest struggles to escape constriction.
You release your grip on the orc priest.
The orc priest mumbles some strange prayers to Beogh against you.
Pain shoots through your body!
Ouch! That really hurt!
You die...

#.....#####..##8..($
#.....#####..#......
.........##..#...)..
.........##..#......
..._....oM...#g...©.
........o#)o.#......
.........##o.#......
#.....#####..#W....w
#....)#####)@##8....
#.....###.....######
.##.....##........©[
#.#.#####.........
#.#. ##.#####.# #<#
.. #.# #+#


You could see a mummy, an orc priest, an orc wizard, toympanos's ghost, a dart
slug (asleep) and a goblin.

Vanquished Creatures
  An adder (D:3)
  2 dart slugs (D:3)
  5 orcs
  8 bats
  6 endoplasms
  2 giant cockroaches
  3 goblins
  7 hobgoblins
  6 ball pythons
  4 frilled lizards
  A kobold (D:1)
  2 rats (D:1)
47 creatures vanquished.

Notes
Turn   | Place    | Note
-------+----------+-------------------------------------------
     0 | D:1      | Atelerd the Octopode Earth Elementalist began the quest for
                  | the Orb.
     0 | D:1      | Reached XP level 1. HP: 11/11 MP: 3/3
   164 | D:1      | Reached XP level 2. HP: 4/17 MP: 0/5
  1015 | D:2      | Learned a level 2 spell: Blink
  1183 | D:2      | Reached XP level 3. HP: 21/22 MP: 6/6
  1377 | D:3      | Found a faded altar of an unknown god.
  1791 | D:4      | Noticed Robin
  1793 | D:4      | Reached XP level 4. HP: 27/27 MP: 3/7
  1838 | D:4      | Found a transporter.
  1838 | D:4      | Noticed toympanos's ghost (amateur HuBe)
  1881 | D:4      | Found a snail-covered altar of Cheibriados.
  1901 | D:4      | Killed from afar by an orc priest

Illustrated notes

Levels and vault maps discovered:
D:1:      amcnicky_arrival_gap_in_the_tavern_cellar, layout_rooms
D:2:      layout_loops_corners
D:3:      layout_rooms, basic_ecumenical_altar, serial_bayou_pond_a
D:4:      layout_loops_corners, slow_altar_1, worldfamousw_hep_ancestral_shrine,
          minmay_temple_entry_proselytizer, gammafunk_ghost_arena,
          chequers_serial_rivers_small_b, uniq_menkaure, uniq_robin, uniq_pargi

Action                     |  1- 3 |  4- 6 || total
---------------------------+-------+-------++-------
  Melee: Unarmed           |    13 |       ||    13
         Constrict         |    11 |     1 ||    12
         Tentacles         |    11 |     1 ||    12
         Punch             |     1 |       ||     1
         Dagger            |    25 |     1 ||    26
   Cast: Sandblast         |    26 |    12 ||    38
    Use: Potion            |       |     1 ||     1
   Stab: Sleeping          |     6 |       ||     6
 Armour: Skin              |    12 |     1 ||    13
  Dodge: Dodged            |    47 |     8 ||    55

Table legend: (Time is in decaauts)
 A = Elapsed time spent in this place.
 B = Non-inter-level travel time spent in this place.
 C = Inter-level travel time spent in this place.
 D = Time resting spent in this place.
 E = Time spent auto-exploring this place.
 F = Levels seen in this place.
 G = Mean time per level.
                   A        B        C        D        E       F      G
               +--------+--------+--------+--------+--------+-----+--------+
         Total |   1916 |   1811 |    105 |      0 |   1509 |   4 |  479.0 |
       Dungeon |   1916 |   1811 |    105 |      0 |   1509 |   4 |  479.0 |
               +--------+--------+--------+--------+--------+-----+--------+

Top non-repeatable levels by time:
     D:2: 811 daAuts
     D:1: 570 daAuts
     D:3: 453 daAuts
     D:4: 81 daAuts
